 Dungeon Crawl Stone Soup version 0.31-a0-331-geda263fcf1 (webtiles) character file.

Game seed: 12304839953633742154

10043 funkygono the Cleaver (level 11, 0/97 HPs)
             Began as a Minotaur Fighter on July 19, 2023.
             Was a Priest of Okawaru.
             Slain by a 19-headed hydra (3 damage)
             ... on level 2 of the Lair of Beasts.
             The game lasted 00:20:01 (10009 turns).

funkygono the Cleaver (Minotaur Fighter)           Turns: 10009, Time: 00:20:02

Health: 0/97       AC: 17    Str: 25    XL:     11   Next: 31%
Magic:  10/11      EV:  7    Int:  5    God:    Okawaru [***...]
Gold:   569        SH: 15    Dex: 10    Spells: 10/10 levels left

rFire   + . .        a - +1 war axe (freeze)
rCold   . . .        w - +0 kite shield
rNeg    . . .        t - +0 plate armour
rPois   .            (helmet restricted)
rElec   .            (no cloak)
rCorr   .            o - +0 pair of gloves
SInv    +            G - +0 pair of boots
Will    .....        h - amulet of reflection Stlth
                     v - ring of protection from fire
HPRegen 0.36/turn    c - ring of see invisible
MPRegen 0.12/turn

%: reflection
@: no status effects
A: horns 2, retaliatory headbutt
a: Renounce Religion, Heroism


You were on level 2 of the Lair of Beasts.
You worshipped Okawaru.
Okawaru was most pleased with you.
You visited 3 branches of the dungeon, and saw 13 of its levels.

You collected 569 gold pieces.

Inventory:

Hand Weapons
 a - a +1 war axe of freezing (weapon)
Missiles
 f - a throwing net
 l - 38 stones
 p - 34 poisoned darts (quivered)
 q - 15 boomerangs
 K - 3 javelins
Armour
 o - a +0 pair of gloves (worn)
 t - a +0 plate armour (worn)
 w - a +0 kite shield (worn)
 G - a +0 pair of boots (worn)
Jewellery
 c - a ring of see invisible (right hand)
 e - an amulet of regeneration
 h - an amulet of reflection (around neck)
 v - a ring of protection from fire (left hand)
 I - a ring of flight
Wands
 b - a wand of acid (6)
 m - a wand of paralysis (29)
 B - a wand of roots (10)
Scrolls
 r - a scroll of fear
 s - 2 scrolls of teleportation
 C - a scroll of revelation
 D - a scroll of fog
Potions
 d - 3 potions of might
 g - a potion of heal wounds
 i - a potion of berserk rage
 j - 4 potions of curing
 k - a potion of cancellation
 n - a potion of enlightenment
 u - 4 potions of haste
 x - 2 potions of ambrosia
 z - a potion of invisibility {unknown}
 H - a potion of mutation {unknown}


   Skills:
 + Level 9.0 Fighting
 + Level 13.7 Axes
 + Level 2.3 Throwing
 + Level 9.8 Armour
 + Level 2.1 Dodging
 + Level 1.6 Stealth
 + Level 10.3 Shields
 + Level 2.1 Invocations


You had 10 spell levels left.
You didn't know any spells.
Your spell library contained the following spells:

 Spells                   Type           Power      Damage    Failure   Level
 Necrotise                Necr           0%         1d4       100%        1
 Ensorcelled Hibernation  Hex/Ice        0%         N/A       100%        2
 Passwall                 Tmut/Erth      0%         N/A       100%        2
 Poisonous Vapours        Pois/Air       0%         N/A       100%        2
 Mephitic Cloud           Conj/Pois/Air  0%         N/A       100%        3
 Swiftness                Air            0%         N/A       100%        3
 Vampiric Draining        Necr           0%         2d6       100%        3
 Anguish                  Hex/Necr       0%         N/A       100%        4
 Agony                    Necr           0%         N/A       100%        5
 Freezing Cloud           Conj/Ice/Air   0%         6-21      100%        5
 Summon Small Mammal      Summ           Unusable   N/A       N/A         1
 Call Canine Familiar     Summ           Unusable   N/A       N/A         3
 Summon Guardian Golem    Hex/Summ       Unusable   N/A       N/A         3

Dungeon Overview and Level Annotations

Branches:
Dungeon (10/15)            Temple (1/1) D:6            Lair (2/5) D:10
    Orc (0/2) D:9
  Swamp: Lair:2-3    Shoals: Lair:2-3     Snake: Lair:2-3    Spider: Lair:2-3

Altars:
Ashenzari
Cheibriados
Dithmenos
Elyvilon
Fedhas
Gozag
Hepliaklqana
Kikubaaqudgha
Makhleb
Nemelex Xobeh
Okawaru
Qazlal
Ru
Sif Muna
Trog
Uskayaw
Vehumet
Wu Jian
Xom
Yredelemnul
Zin
The Shining One

Shops:
D:3 :   D:4 :


Innate Abilities, Weirdness & Mutations

You have a pair of horns on your head.
You reflexively headbutt those who attack you in melee.


Message History

The 17-headed hydra closely misses you.
The 17-headed hydra bites you but does no damage. x2
The 17-headed hydra completely misses you.
The 17-headed hydra closely misses you.
The 17-headed hydra bites you but does no damage.
The 17-headed hydra barely misses you.
The 17-headed hydra bites you but does no damage.
The 17-headed hydra bites you!
* * * LOW HITPOINT WARNING * * *
You chop one of the 17-headed hydra's heads off!
The 16-headed hydra grows two more!
You slash the 18-headed hydra!
The 18-headed hydra seems to slow down.
You freeze the 18-headed hydra.
The 18-headed hydra is severely wounded.
You feel like a meek peon again.
Unknown command.
You lop one of the 18-headed hydra's heads off!
The 17-headed hydra grows two more!
You slash the 19-headed hydra!
The 19-headed hydra seems to slow down.
You freeze the 19-headed hydra.
Your headbutt misses the 19-headed hydra.
The 19-headed hydra is almost dead.
You block the 19-headed hydra's attack. The 19-headed hydra bites you!
* * * LOW HITPOINT WARNING * * *
The 19-headed hydra bites you but does no damage.
The 19-headed hydra bites you.
* * * LOW HITPOINT WARNING * * *
You block the 19-headed hydra's attack.
The 19-headed hydra bites you but does no damage.
You block the 19-headed hydra's attack. The 19-headed hydra bites you.
* * * LOW HITPOINT WARNING * * *
You block the 19-headed hydra's attack. x2; The 19-headed hydra bites you.
* * * LOW HITPOINT WARNING * * *
The 19-headed hydra bites you but does no damage.
The 19-headed hydra barely misses you. x2
The 19-headed hydra bites you but does no damage.
The 19-headed hydra bites you.
* * * LOW HITPOINT WARNING * * *
You block the 19-headed hydra's attack.
The 19-headed hydra bites you but does no damage.
The 19-headed hydra bites you.
You die...

#......P.##..P.
..>............
...............
..............P
...............
..............~
......D.......P
.......@.#
.###..#+## #. #


You could see a 19-headed hydra (slow).

Vanquished Creatures
  A two-headed ogre (D:10)
  A manticore (D:10)
  Maurice (D:10)
  Joseph (D:9)
  A cane toad (D:10)
  3 komodo dragons (D:10)
  An unseen horror (D:10)
  A troll (D:9)
  Sigmund (D:3)
  A shadow (D:9)
  2 wraiths
  A wyvern (D:8)
  3 vampire mosquitoes (D:10)
  2 steam dragons
  An acid dragon (D:10)
  A water moccasin (D:5)
  3 black bears
  5 ice beasts (D:5)
  4 orc warriors
  An ogre (D:6)
  10 wolves
  3 phantoms
  6 centaurs
  A kobold brigand (D:9)
  9 bullfrogs
  A scorpion (D:5)
  14 wights (D:9)
  A troll zombie (D:9)
  10 orc priests
  3 hounds
  A jelly (D:7)
  Ijyb (D:3)
  Terence (D:2)
  6 iguanas
  A sleepcap (D:5)
  9 orc wizards
  7 ogre zombies (D:9)
  2 adders
  2 worms
  2 dart slugs
  33 orcs
  2 ball pythons (D:3)
  4 endoplasms
  A giant cockroach (D:3)
  9 goblins
  3 hobgoblins
  13 kobolds
  2 quokkas
  7 bats
  2 frilled lizards (D:1)
  A goblin skeleton (D:9)
  2 goblin zombies (D:9)
  2 hobgoblin zombies (D:9)
  3 orc skeletons (D:9)
  16 orc zombies (D:9)
  5 rats
230 creatures vanquished.

Notes
Turn   | Place    | Note
-------+----------+-------------------------------------------
     0 | D:1      | funkygono the Minotaur Fighter began the quest for the Orb.
     0 | D:1      | Reached XP level 1. HP: 19/19 MP: 0/0
   209 | D:1      | Found a faded altar of an unknown god.
   248 | D:1      | Reached XP level 2. HP: 27/27 MP: 1/1
  1112 | D:2      | Reached XP level 3. HP: 33/33 MP: 2/2
  1221 | D:2      | Reached skill level 3 in Axes
  1750 | D:3      | Noticed Terence
  1750 | D:3      | Noticed Ijyb
  1900 | D:2      | Killed Terence
  1901 | D:2      | Reached XP level 4. HP: 40/41 MP: 3/3
  1924 | D:3      | Killed Ijyb
  1925 | D:3      | Reached skill level 4 in Axes
  2148 | D:3      | Found Imyhax's Book Shoppe.
  2321 | D:3      | Noticed Sigmund
  2360 | D:3      | Killed Sigmund
  2361 | D:3      | Reached skill level 5 in Axes
  2361 | D:3      | Reached XP level 5. HP: 31/47 MP: 4/4
  2361 | D:3      | Reached XP level 6. HP: 35/53 MP: 5/5
  2514 | D:3      | Reached skill level 1 in Dodging
  2791 | D:4      | Found Qehoclok's Tiny Tomes.
  2799 | D:4      | Reached skill level 5 in Armour
  2828 | D:4      | Noticed an orc warrior
  2844 | D:4      | Killed an orc warrior
  2845 | D:4      | Reached skill level 6 in Axes
  2845 | D:4      | Reached skill level 5 in Shields
  3250 | D:5      | Entered Level 5 of the Dungeon
  3350 | D:5      | Noticed a water moccasin
  3352 | D:5      | Noticed an ice beast
  3354 | D:5      | Reached XP level 7. HP: 56/60 MP: 6/6
  3362 | D:5      | Reached skill level 5 in Fighting
  3371 | D:5      | Reached skill level 7 in Axes
  3381 | D:5      | Reached skill level 1 in Stealth
  3451 | D:5      | Reached XP level 8. HP: 68/68 MP: 7/7
  3623 | D:5      | Identified the amulet "Tanex Tiba" {Faith -Tele MP+9 Str-2
                  | Int+8}
  3715 | D:5      | Reached skill level 8 in Axes
  3757 | D:5      | Found a stormy altar of Qazlal.
  3763 | D:5      | Found a radiant altar of Vehumet.
  3772 | D:5      | Found a glowing silver altar of Zin.
  4079 | D:5      | Identified the +4 dagger "Giantbane" {freeze, rC+ Str-2
                  | SInv}
  4355 | D:6      | Reached skill level 9 in Axes
  4651 | D:6      | Found a hide-covered altar of Uskayaw.
  4948 | D:6      | Found a staircase to the Ecumenical Temple.
  4956 | Temple   | Entered the Ecumenical Temple
  4965 | Temple   | Became a worshipper of Warmaster Okawaru
  5358 | D:7      | Reached XP level 9. HP: 73/75 MP: 8/8
  6309 | D:8      | Reached skill level 10 in Axes
  6328 | D:8      | Reached * piety under Okawaru
  6649 | D:8      | Reached skill level 1 in Throwing
  6898 | D:9      | Reached skill level 11 in Axes
  6905 | D:9      | Reached ** piety under Okawaru
  6920 | D:9      | Reached XP level 10. HP: 63/86 MP: 5/9
  6996 | D:9      | Found a staircase to the Orcish Mines.
  7133 | D:9      | Noticed Joseph
  7138 | D:9      | Killed Joseph
  7139 | D:9      | Reached skill level 12 in Axes
  7545 | D:9      | Reached skill level 1 in Invocations
  7773 | D:10     | Entered Level 10 of the Dungeon
  7835 | D:10     | Noticed Maurice
  7886 | D:10     | Killed Maurice
  8122 | D:10     | Noticed a manticore
  8134 | D:10     | Killed a manticore
  8135 | D:10     | Reached skill level 13 in Axes
  8673 | D:10     | Noticed a two-headed ogre
  8682 | D:10     | Killed a two-headed ogre
  8683 | D:10     | Reached XP level 11. HP: 95/95 MP: 11/11
  8684 | D:10     | Found a staircase to the Lair.
  9029 | Lair:1   | Entered Level 1 of the Lair of Beasts
  9049 | Lair:1   | Reached skill level 10 in Shields
  9053 | D:10     | Reached *** piety under Okawaru
  9230 | D:10     | HP: 3/95 [cane toad (11)]
  9991 | Lair:2   | Noticed a six-headed hydra
 10009 | Lair:2   | HP: 3/97 [19-headed hydra (3)]
 10009 | Lair:2   | Slain by a 19-headed hydra

Illustrated notes

Levels and vault maps discovered:
D:1:      amcnicky_arrival_abandoned_market, layout_loops_ring,
          ebering_ecumenical_altar_webs
D:2:      layout_basic, minmay_misc_feat_room, minmay_statues_item
D:3:      cheibrodos_helix_gallery, layout_basic, serial_shops, shop,
          kennysheep_generic_room_10, uniq_terence, uniq_sigmund, uniq_ijyb
D:4:      layout_rooms, nicolae_shop_i_like_small_books_too
D:5:      layout_gridville, minmay_overflow_temple_star_quad,
          minmay_starry_boxes
D:6:      layout_basic, mainiacjoe_overflow_concentric_impassable,
          minmay_temple_entry_offerings
D:7:      layout_layer_cave
D:8:      layout_rooms
D:9:      layout_irregular_city, zombieorc2_lemuel, uniq_joseph
D:10:     layout_loops_cross, david_lair_shrubbed,
          chequers_serial_rivers_micro_c, uniq_maurice
Temple:   nicolae_temple_no_exploring_needed
Lair:1:   layout_hall_layers, infiniplex_staircase_pool
Lair:2:   layout_regular_city, minivault_19, fungi_pond_lemuel,
          serial_bayou_pond_a, disabler_island

Skill      XL: |  1  2  3  4  5  6  7  8  9 10 11 |
---------------+----------------------------------+-----
Armour         | 4 5 6 7 8 9 |  9.8
Shields        | 4 5 7 8 9 10 | 10.3
Fighting       | 4 5 6 7 8 9 |  9.0
Axes           | 3 5 6 7 9 11 13 | 13.7
Dodging        | 1 2 |  2.1
Stealth        | 1 |  1.6
Throwing       | 1 2 |  2.3
Invocations    | 1 2 |  2.1

Action                     |  1- 3 |  4- 6 |  7- 9 | 10-12 || total
---------------------------+-------+-------+-------+-------++-------
  Melee: War axe           |    87 |    74 |   224 |   250 ||   635
         Headbutt          |     9 |    13 |    39 |    59 ||   120
  Throw: Stone             |     2 |       |    35 |    27 ||    64
         Dart              |       |       |       |     2 ||     2
 Invoke: Heroism           |       |       |     3 |    13 ||    16
    Use: Scroll            |     6 |     6 |     3 |     6 ||    21
         Potion            |       |       |       |     2 ||     2
 Armour: Chain mail        |    46 |    18 |       |       ||    64
         Plate armour      |       |     1 |    75 |   108 ||   184
  Dodge: Dodged            |    31 |    18 |    41 |    61 ||   151
  Block: Buckler           |    58 |    27 |    12 |       ||    97
         Reflection        |     2 |     2 |     6 |    14 ||    24
         Kite shield       |       |       |   125 |   217 ||   342

Table legend: (Time is in decaauts)
 A = Elapsed time spent in this place.
 B = Non-inter-level travel time spent in this place.
 C = Inter-level travel time spent in this place.
 D = Time resting spent in this place.
 E = Time spent auto-exploring this place.
 F = Levels seen in this place.
 G = Mean time per level.
                   A        B        C        D        E       F      G
               +--------+--------+--------+--------+--------+-----+--------+
         Total |  10075 |   9710 |    365 |    256 |   7549 |  13 |  775.0 |
       Dungeon |   9466 |   9117 |    349 |    256 |   7018 |  10 |  946.6 |
        Temple |     17 |      9 |      8 |      0 |      0 |   1 |   17.0 |
          Lair |    591 |    584 |      7 |      0 |    531 |   2 |  295.5 |
               +--------+--------+--------+--------+--------+-----+--------+

Top non-repeatable levels by time:
    D:10: 1628 daAuts
     D:2: 1109 daAuts
     D:7: 1063 daAuts
     D:5: 1007 daAuts
     D:9: 909 daAuts
     D:3: 901 daAuts
     D:6: 843 daAuts
     D:1: 743 daAuts
     D:8: 706 daAuts
  Lair:1: 577 daAuts
     D:4: 552 daAuts
  Temple: 17 daAuts
  Lair:2: 14 daAuts
